 Dungeon Crawl Stone Soup version 0.16.1-51-g6203257 (webtiles) character file.

344 kae the Slasher (level 6, -2/44 HPs)
             Began as a Demonspawn Gladiator on July 31, 2015.
             Slain by a gnoll
             ... wielding a +0 club
              (4 damage)
             ... on level 4 of the Dungeon.
             The game lasted 00:06:15 (4428 turns).

kae the Slasher (Demonspawn Gladiator)              Turns: 4428, Time: 00:06:15

Health: -2/44      AC:  5    Str: 17    XL:     6   Next: 31%
Magic:  6/6        EV: 14    Int: 10    God:
Gold:   184        SH:  0    Dex: 13    Spells: 0 memorised, 5 levels left

rFire  . . .     SeeInvis .     a - +1 long sword
rCold  . . .     Clarity  .     b - +1 leather armour
rNeg   . . .     SustAb   .     (no shield)
rPois  .         Gourm    .     (helmet restricted)
rElec  .         Spirit   .     g - +0 cloak
rCorr  .         Warding  .     (no gloves)
rMut   .         Stasis   .     (no boots)
MR     .....                    (no amulet)
Stlth  +.........               (no ring)
                                (no ring)

@: very slightly contaminated, not resistant to hostile enchantments, very
unstealthy
A: antennae 1, repulsion field 1, spiny 1
a: no special abilities


You were on level 4 of the Dungeon.
You were near starving.

You visited 1 branch of the dungeon, and saw 4 of its levels.

You collected 184 gold pieces.

Inventory:

Hand weapons
 a - a +1 long sword (weapon)
Missiles
 d - 2 throwing nets (quivered)
Armour
 b - a +1 leather armour (worn)
 c - a +0 helmet
 e - a +0 helmet
 g - a +0 cloak (worn)
Jewellery
 o - an uncursed ring of fire {unknown}
 q - an uncursed ring of invisibility {unknown}
 x - an uncursed amulet of resist corrosion {unknown}
Scrolls
 i - 2 scrolls of remove curse
 j - a scroll of random uselessness
 l - a scroll of magic mapping
 m - a scroll of enchant weapon
Comestibles
 f - 5 bread rations
 r - a beef jerky
 s - a meat ration


   Skills:
 - Level 2.0 Fighting
 + Level 6.5 Long Blades
 - Level 1.7 Throwing
 - Level 2.6 Dodging


You had 5 spell levels left.
You didn't know any spells.

Dungeon Overview and Level Annotations

Branches:
Dungeon (4/15)
 Temple: D:4-7

Altars:
Makhleb
Nemelex Xobeh
Sif Muna
Trog
Vehumet
Zin

Annotations:
D:3 Grinder, Sigmund


Innate Abilities, Weirdness & Mutations

You have a pair of small antennae on your head.
You are surrounded by a mild repulsion field (EV +2).
You are partially covered in sharp spines.


Message History

You are very lightly contaminated with residual magic.
As you read the scroll labeled BLAWKOC GHOI, it crumbles to dust.
It was a scroll of blinking.
The gnoll hits you with a club.
* * * LOW HITPOINT WARNING * * *
You see here 2 throwing nets.
d - 2 throwing nets The gnoll hits you with a club.
* * * LOW HITPOINT WARNING * * *
The gnoll barely misses you. The gnoll barely misses you.
Items here: )))))) [ The gnoll misses you.
The gnoll closely misses you. The gnoll closely misses you.
The gnoll barely misses you. The gnoll is struck by your spines.
The gnoll hits you with a club.
* * * LOW HITPOINT WARNING * * *
The gnoll hits you with a club.
You die...

#.###### #o.....#
#......# #o.....#
#......#
#r.....####
#.........#
#g#.......#
#@.....(..#
#...#######
#############...#
#<............###
###############


You could see an orc priest, a gnoll, an orc and a rat.

Vanquished Creatures
  A phantom (D:4)
  Crazy Yiuf (D:3)
  An orc priest (D:4)
  An iguana (D:4)
  An orc wizard (D:4)
  Jessica (D:3)
  2 gnolls (D:4)
  4 adders
  3 worms
  A giant mite (D:2)
  2 giant geckos
  An ooze (D:3)
  6 orcs
  5 hobgoblins
  4 jackals
  A quokka (D:4)
  4 bats
  2 giant cockroaches
  A giant newt (D:1)
  7 goblins
  5 kobolds
  7 rats
61 creatures vanquished.

Notes
Turn   | Place    | Note
--------------------------------------------------------------
     0 | D:1      | kae, the Demonspawn Gladiator, began the quest for the Orb.
     0 | D:1      | Reached XP level 1. HP: 16/16 MP: 1/1
   122 | D:1      | Reached skill level 3 in Long Blades
   252 | D:1      | Gained mutation: You have a pair of small antennae on your head. [demonic ancestry]
   252 | D:1      | Reached XP level 2. HP: 19/22 MP: 2/2
   860 | D:2      | Found a deep blue altar of Sif Muna.
   946 | D:2      | Gained mutation: You are surrounded by a mild repulsion field (EV +2). [demonic ancestry]
   946 | D:2      | Reached XP level 3. HP: 7/27 MP: 3/3
  1401 | D:2      | Found a glowing silver altar of Zin.
  1439 | D:2      | Reached skill level 4 in Long Blades
  2149 | D:2      | Reached XP level 4. HP: 4/33 MP: 4/4
  2393 | D:2      | Found a radiant altar of Vehumet.
  2397 | D:2      | Found a sparkling altar of Nemelex Xobeh.
  2401 | D:2      | Found a bloodstained altar of Trog.
  2646 | D:3      | Noticed Grinder
  2925 | D:3      | Noticed Jessica
  2931 | D:3      | Killed Jessica
  3014 | D:3      | Noticed Crazy Yiuf
  3029 | D:3      | Killed Crazy Yiuf
  3029 | D:3      | Reached skill level 5 in Long Blades
  3220 | D:3      | Gained mutation: You are partially covered in sharp spines. [demonic ancestry]
  3220 | D:3      | Reached XP level 5. HP: 14/38 MP: 5/5
  3473 | D:3      | Noticed Sigmund
  3796 | D:4      | Noticed a phantom
  3931 | D:3      | Found a burning altar of Makhleb.
  4153 | D:4      | Killed a phantom
  4153 | D:4      | Reached skill level 6 in Long Blades
  4153 | D:4      | Reached XP level 6. HP: 18/44 MP: 6/6
  4426 | D:4      | HP: 1/44 [gnoll/club (6)]
  4428 | D:4      | Slain by a gnoll

Action                   |  1- 3 |  4- 6 || total
-------------------------+-------+-------++-------
Melee: Long sword        |    96 |   141 ||   237
Throw: Throwing net      |     1 |     7 ||     8
  Use: Potion            |       |     6 ||     6
       Scroll            |       |     8 ||     8
 Stab: Invisible         |       |     3 ||     3
       Held in net/web   |       |     3 ||     3
  Eat: Chunk             |     3 |     5 ||     8
       Pizza             |       |     1 ||     1
